 Dungeon Crawl Stone Soup version 0.30-a0-149-g7f746667c4 (webtiles) character file.

Game seed: 15183734986710111669

94 Cancer the Digger (level 4, -2/24 HPs)
             Began as a Gargoyle Earth Elementalist on Sept 26, 2022.
             Killed from afar by Ijyb (8 damage)
             ... with a puff of flame
             ... on level 3 of the Dungeon.
             The game lasted 00:04:13 (2562 turns).

Cancer the Digger (Gargoyle Earth Elementalist)     Turns: 2562, Time: 00:04:14

Health: -2/24      AC:  5    Str: 11    XL:     4   Next: 63%
Magic:  0/8        EV: 11    Int: 18    God:
Gold:   138        SH:  0    Dex: 10    Spells: 8/9 levels left

rFire   . . .      SeeInvis .    c - +0 dagger
rCold   . . .      Faith    .    (no shield)
rNeg    + . .      Spirit   .    a - +0 robe
rPois   ∞          Reflect  .    (no helmet)
rElec   +          Harm     .    (no cloak)
rCorr   .          Rampage  .    (no gloves)
Will    .....                    (no boots)
Stlth   ++........               (no amulet)
HPRegen 0.08/turn                l - ring of wizardry
MPRegen 0.11/turn                (no ring)

@: no status effects
A: sickness immunity, AC +3, negative energy resistance 1, electricity
resistance, torment resistance 1, petrification resistance
a: no special abilities


You were on level 3 of the Dungeon.
You visited 1 branch of the dungeon, and saw 3 of its levels.

You collected 138 gold pieces.

Inventory:

Hand Weapons
 c - a +0 dagger (weapon)
Armour
 a - a +0 robe (worn)
Jewellery
 l - a ring of wizardry (left hand)
Scrolls
 d - a scroll of amnesia {unknown}
 e - 2 scrolls of torment {unknown}
 f - 3 scrolls of blinking {unknown}
 h - a scroll of enchant armour {unknown}
 j - 2 scrolls of teleportation {unknown}
 k - a scroll of noise {unknown}
 n - 2 scrolls of identify {unknown}
 o - a scroll of magic mapping {unknown}
Potions
 b - 3 potions of magic
 g - a potion of brilliance {unknown}
 i - 2 potions of curing {unknown}
 m - a potion of heal wounds {unknown}
 p - a potion of lignification {unknown}
 q - a potion of cancellation {unknown}


   Skills:
 - Level 1.5 Dodging
 - Level 2.1 Stealth
 + Level 3.0 Spellcasting
 + Level 2.3 Conjurations
 - Level 0.7 Transmutations
 + Level 4.6 Earth Magic


You had 8 spell levels left.
You knew the following spells:

 Your Spells              Type           Power      Damage    Failure   Level
a - Sandblast             Erth           38%        2d10      1%          1

Your spell library contained the following spells:

 Spells                   Type           Power      Damage    Failure   Level
 Passwall                 Tmut/Erth      10%        N/A       3%          2
 Stone Arrow              Conj/Erth      30%        3d8       4%          3
 Necrotise                Necr           8%         1d4       6%          1
 Poisonous Vapours        Pois/Air       4%         N/A       10%         2
 Vampiric Draining        Necr           2%         2d6       19%         3
 Petrify                  Tmut/Erth      12%        N/A       21%         4
 Agony                    Necr           2%         N/A       85%         5
 Cigotuvi's Dreadful Rot  Necr/Pois/Air  Unusable   N/A       N/A         2

Dungeon Overview and Level Annotations

Branches:
Dungeon (3/15)

Altars:

Annotations:
D:3 Ijyb


Innate Abilities, Weirdness & Mutations

You are immune to sickness and miasma.
Your stone body is resilient. (AC +3)
You are immune to poison.
You resist negative energy. (rN+)
You are resistant to electric shocks. (rElec)
You are resistant to unholy torment.
You are immune to petrification.


Message History

You miscast Sandblast.
You are very lightly contaminated with residual magic.
Nothing appears to happen.
Ijyb hits you but does no damage.
Casting: Sandblast (safe; 1% risk of failure)
Confirm with . or Enter, or press ? or * to list all spells.
Aiming: Sandblast (safe; 1% risk of failure)
Press: ? - help, Shift-Dir - straight line, f/p - Ijyb
Aim: Ijyb, wielding a +0 dagger, wearing a +0 leather armour of cold resistance and carrying a wand of flame (16) (severely wounded, 77% to hit)
The blast of sand hits Ijyb but does no damage.
Ijyb is severely wounded.
Ijyb barely misses you. Ijyb hits you but does no damage.
Casting: Sandblast (safe; 1% risk of failure)
Confirm with . or Enter, or press ? or * to list all spells.
Aiming: Sandblast (safe; 1% risk of failure)
Press: ? - help, Shift-Dir - straight line, f/p - Ijyb
Aim: Ijyb, wielding a +0 dagger, wearing a +0 leather armour of cold resistance and carrying a wand of flame (16) (severely wounded, 77% to hit)
The blast of sand hits Ijyb.
Ijyb is severely wounded.
Ijyb barely misses you.
Casting: Sandblast (safe; 1% risk of failure)
Confirm with . or Enter, or press ? or * to list all spells.
Aiming: Sandblast (safe; 1% risk of failure)
Press: ? - help, Shift-Dir - straight line, f/p - Ijyb
Aim: Ijyb, wielding a +0 dagger, wearing a +0 leather armour of cold resistance and carrying a wand of flame (16) (severely wounded, 77% to hit)
The blast of sand hits Ijyb.
Ijyb is almost dead.
Ijyb closely misses you. Ijyb hits you with a +0 dagger.
* * * LOW HITPOINT WARNING * * *
You closely miss Ijyb.
Ijyb is almost dead.
Ijyb completely misses you.
You hit Ijyb but do no damage.
Ijyb is almost dead.
Ijyb misses you.
Your magical contamination has completely faded away.
You completely miss Ijyb.
Ijyb is almost dead.
A worm comes into view.
Ijyb zaps a wand.
The puff of flame hits you!
You die...

. # .# ## .#
##. .## ##..#
#..##
#..†.###....
#...#...#
#)..g.#
##._@##
####.....##
#.#...#.$.#
#....###.....#
...w#..##
#..#..# ###
##..## .## .#
.# #.# #.#..#
.# # .# #.#
#.#.## .# .#
... ..#.#


You could see Ijyb and a worm (wandering).

Vanquished Creatures
  3 adders
  A worm (D:2)
  3 dart slugs
  An orc (D:3)
  5 endoplasms
  4 giant cockroaches
  5 hobgoblins
  3 jackals (D:2)
  6 quokkas
  4 ball pythons
  2 bats (D:1)
  2 frilled lizards (D:2)
  4 goblins
  8 kobolds
  2 rats
53 creatures vanquished.

Notes
Turn   | Place    | Note
-------+----------+-------------------------------------------
     0 | D:1      | Cancer the Gargoyle Earth Elementalist began the quest for
                  | the Orb.
     0 | D:1      | Reached XP level 1. HP: 10/10 MP: 3/3
   431 | D:1      | Reached XP level 2. HP: 15/15 MP: 1/5
   480 | D:1      | Reached skill level 1 in Conjurations
   555 | D:1      | Reached skill level 4 in Earth Magic
   979 | D:2      | Reached XP level 3. HP: 19/19 MP: 4/6
  1791 | D:2      | Reached XP level 4. HP: 24/24 MP: 5/8
  2526 | D:3      | Found a faded altar of an unknown god.
  2547 | D:3      | Noticed Ijyb
  2562 | D:3      | Killed from afar by Ijyb

Illustrated notes

Levels and vault maps discovered:
D:1:      ncdulo_halloftheorcs, layout_basic
D:2:      layout_loops_corners
D:3:      layout_loops_ring, nicolae_ecumenical_snake_handling, uniq_ijyb

Skill      XL: |  1  2  3  4 |
---------------+-------------+-----
Conjurations   | 1 2 |  2.3
Earth Magic    | 4 |  4.6
Spellcasting   | 3 |  3.0
Dodging        | |  1.5
Stealth        | |  2.1
Transmutations | |  0.7

Action                   |  1- 3 |  4- 6 || total
-------------------------+-------+-------++-------
Melee: Dagger            |    11 |     5 ||    16
 Cast: Sandblast         |    59 |    27 ||    86
Armor: Robe              |    13 |     3 ||    16
Dodge: Dodged            |    19 |     9 ||    28

Table legend: (Time is in decaauts)
 A = Elapsed time spent in this place.
 B = Non-inter-level travel time spent in this place.
 C = Inter-level travel time spent in this place.
 D = Time resting spent in this place.
 E = Time spent auto-exploring this place.
 F = Levels seen in this place.
 G = Mean time per level.
                   A        B        C        D        E       F      G
               +--------+--------+--------+--------+--------+-----+--------+
         Total |   2603 |   2504 |     99 |      0 |   2146 |   3 |  867.7 |
       Dungeon |   2603 |   2504 |     99 |      0 |   2146 |   3 |  867.7 |
               +--------+--------+--------+--------+--------+-----+--------+

Top non-repeatable levels by time:
     D:2: 1369 daAuts
     D:1: 989 daAuts
     D:3: 245 daAuts
